Map: Mist Opportunities

Players

RainingBlood

  • Race: Zerg Zerg

ProtossGlory

  • Race: Terran Terran

VOD

Have the link to the VOD?

Description

Time

  • Played on: March 8, 2021, 11:14 a.m.
  • Length: 30:08
Show
View Real Time Build Order
Export as new Build Order

RainingBlood Zerg 

Build Orders:  

Get SALT Encoding   

  18  0:04  Primal Drone  
  19  0:14  Primal Drone  
  20  0:26  Primal Drone x2  
  22  0:33  Extractor  
  22  0:40  Primal Drone  
  23  0:52  Primal Drone  
  24  1:04  Unknown  
  25  1:12  Primal Warden  
  25  1:24  Primal Drone  
  25  1:25  Primal Drone  
  25  1:27  Extractor  
  27  1:52  Primal Drone  
  27  1:53  Primal Drone  
  29  2:17  Primal Drone  
  29  2:18  Primal Zergling  
  31  2:30  Primal Drone  
  31  2:31  Primal Zergling  
  33  2:48  Primal Drone  
  34  2:53  Primal Hive  
  39  3:09  Primal Drone  
  40  3:18  Glevig's Den  
  39  3:21  Primal Drone  
  40  3:41  Primal Drone  
  41  4:05  Primal Drone  
  41  4:07  Primal Drone  
  43  4:20  Primal Drone  
  43  4:28  Primal Warden  
  45  4:35  Primal Drone  
  46  4:50  Primal Hive  
  46  5:01  Primal Drone  
  46  5:06  Murvar's Den  
  46  5:13  Primal Drone x4  
  46  5:16  Extractor  
  46  5:17  Extractor  
  50  5:24  Ravasaur  
  50  5:41  Primal Drone  
  51  5:57  Primal Hydralisk x2  
  51  5:58  Primal Hydralisk x4  
  51  5:59  Primal Hydralisk  
  65  6:07  Primal Drone  
  65  6:09  Primal Drone x2  
  68  6:11  Primal Drone  
  69  6:30  Primal Drone x2  
  69  6:31  Primal Attacks Level 1  
  71  7:02  Primal Hydralisk x3  
  71  7:06  Primal Reconstitution  
  77  7:13  Dakrun's Den  
  77  7:14  Primal Mutalisk x3  
  73  7:26  Primal Drone  
  73  7:27  Primal Drone x4  
  69  8:14  Primal Hydralisk  
  69  8:15  Primal Hydralisk x5  
  69  8:17  Primal Drone x2  
  69  8:18  Primal Drone  
  84  9:11  Primal Drone x3  
  84  9:12  Primal Carapace Level 1  
  84  9:13  Primal Hydralisk  
  84  9:14  Primal Hydralisk x6  
  101  9:28  Primal Hydralisk  
  101  9:29  Primal Hydralisk  
  105  9:31  Primal Mutalisk x3  
  105  9:32  Primal Mutalisk x2  
  100  9:42  Slicing Glave  
  100  9:46  Primal Mutalisk  
  100  9:47  Primal Mutalisk  
  98  9:50  Primal Mutalisk  
  97  10:11  Primal Hydralisk  
  97  10:12  Primal Hydralisk x2  
  97  10:13  Primal Drone  
  97  10:14  Primal Drone x3  
  107  10:33  Primal Mutalisk  
  106  10:42  Shifting Carapace  
  106  10:44  Unknown x2  
  106  10:53  Primal Hydralisk  
  106  10:54  Primal Hydralisk x3  
  106  10:55  Primal Mutalisk x2  
  112  11:12  Primal Hydralisk x3  
  112  11:13  Primal Drone  
  119  11:32  Primal Hydralisk  
  119  11:33  Primal Hydralisk x3  
  127  11:46  Primal Mutalisk x3  
  124  12:08  Primal Hydralisk x3  
  128  12:38  Primal Hydralisk x3  
  128  12:39  Primal Hydralisk x2  
  138  12:47  Primal Hydralisk  
  140  13:07  Primal Mutalisk x3  
  140  13:08  Primal Mutalisk x2  
  129  13:15  Primal Wurm  
  130  13:24  Primal Hydralisk x3  
  130  13:25  Primal Hydralisk  
  138  13:38  Primal Hydralisk x2  
  142  13:56  Primal Hydralisk  
  142  14:25  Primal Drone  
  142  14:26  Primal Drone x2  
  142  14:27  Primal Drone x2, Primal Attacks Level 2  
  142  14:28  Primal Hydralisk  
  145  14:30  Primal Mutalisk  
  145  14:31  Primal Mutalisk x2  
  93  15:00  Primal Hydralisk x5  
  103  15:21  Primal Hydralisk x2  
  103  15:22  Primal Hydralisk  
  109  15:50  Primal Hydralisk  
  109  15:51  Primal Hydralisk x4  
  109  15:59  Primal Hydralisk  
  121  16:08  Primal Hydralisk  
  123  16:42  Primal Drone x4  
  123  16:43  Primal Drone  
  123  16:45  Primal Mutalisk  
  123  16:46  Primal Mutalisk x6  
  123  16:47  Primal Mutalisk  
  114  16:57  Primal Carapace Level 2  
  114  17:00  Primal Drone  
  114  17:08  Primal Hydralisk  
  114  17:09  Primal Hydralisk  
  119  17:53  Primal Hydralisk  
  119  17:54  Primal Hydralisk x6  
  133  18:04  Primal Hydralisk  
  132  18:19  Primal Mutalisk  
  131  18:27  Primal Hydralisk  
  131  18:29  Primal Mutalisk x3  
  112  18:30  Primal Mutalisk  
  111  18:42  Primal Hydralisk  
  113  19:02  Unknown  
  113  19:05  Primal Hydralisk  
  113  19:06  Primal Hydralisk x4  
  113  19:08  Primal Mutalisk  
  122  19:12  Primal Drone  
  122  19:13  Primal Drone x4  
  122  19:16  Primal Drone x2  
  129  19:38  Primal Wurm  
  129  19:39  Primal Wurm  
  131  19:40  Primal Drone x3  
  131  19:41  Primal Drone  
  140  19:56  Primal Hydralisk x4  
  140  19:57  Primal Hydralisk x3  
  154  20:00  Primal Wurm  
  154  20:04  Primal Wurm  
  154  20:05  Primal Wurm x2  
  154  20:07  Primal Wurm  
  154  20:10  Primal Hydralisk  
  154  20:11  Primal Hydralisk  
  154  20:17  Primal Mutalisk  
  154  20:18  Primal Mutalisk x2  
  155  20:28  Primal Drone  
  155  20:29  Primal Drone x2  
  163  20:48  Primal Wurm  
  163  20:49  Primal Carapace Level 3  
  163  20:50  Primal Wurm  
  163  20:53  Primal Wurm x3  
  163  21:37  Primal Hydralisk  
  163  21:39  Primal Mutalisk x2  
  156  21:40  Primal Mutalisk x2  
  161  22:01  Primal Hydralisk  
  161  22:02  Primal Hydralisk x7  
  161  22:05  Primal Drone x5  
  185  22:22  Primal Wurm  
  185  22:24  Primal Wurm  
  185  22:25  Primal Wurm  
  185  22:40  Primal Attacks Level 3  
  185  22:42  Primal Drone  
  185  22:48  Primal Mutalisk x4  
  182  22:52  Primal Mutalisk  
  181  23:11  Primal Hydralisk  
  181  23:12  Primal Hydralisk x2  
  187  23:21  Primal Drone x2  
  187  23:22  Primal Drone x2  
  198  23:42  Primal Wurm  
  198  23:47  Primal Wurm  
  198  23:49  Primal Wurm x2  
  198  23:52  Primal Mutalisk, Primal Wurm x2  
  198  23:53  Primal Wurm  
  198  23:55  Primal Hydralisk  
  198  23:59  Primal Drone  
  200  25:34  Primal Drone x2  
  197  25:54  Primal Wurm  
Show
View Real Time Build Order
Export as new Build Order

ProtossGlory Terran 

Build Orders:  

Get SALT Encoding   

  12  0:03  SCV  
  13  0:20  SCV  
  14  0:34  Refinery  
  14  0:37  SCV  
  15  0:54  SCV  
  16  1:11  SCV  
  17  1:28  SCV  
  18  1:33  Command Center  
  18  1:44  SCV  
  18  1:49  Refinery  
  19  2:01  SCV  
  20  2:22  SCV  
  21  2:34  Fixers Safehouse  
  21  2:39  SCV  
  22  2:56  SCV  
  23  3:01  Tychus  
  23  3:13  SCV  
  23  3:19  SCV  
  25  3:35  Nux  
  35  3:58  Command Center  
  35  4:00  SCV  
  35  4:05  SCV  
  37  4:17  SCV  
  38  4:22  SCV  
  39  4:34  SCV  
  39  4:39  Gunslingers Hideout, SCV  
  41  4:51  SCV  
  41  4:53  Engineering Bay  
  41  4:56  SCV  
  43  5:07  SCV  
  44  5:13  SCV  
  45  5:24  SCV  
  46  5:30  SCV  
  46  5:31  Engineering Bay  
  46  5:36  Refinery  
  46  5:37  Refinery  
  47  5:41  SCV  
  47  5:47  SCV  
  49  5:58  SCV  
  50  6:04  SCV  
  51  6:10  Flashforce GDM Visor  
  51  6:15  SCV  
  52  6:21  SCV  
  53  6:32  SCV  
  53  6:33  ITC-E Triggers  
  53  6:38  SCV  
  55  6:40  Muscle Armory  
  55  6:49  SCV  
  56  6:55  SCV  
  56  6:58  Medivac Platform  
  57  7:24  Kev Rattlesnake West  
  67  7:40  Endurance Supplements  
  67  8:48  Outlaw Weapons Level 1  
  67  8:50  T4 Cloudburst Shells  
  67  9:00  SCV  
  68  9:10  Outlaw Life and Armor Level 1  
  68  10:44  Medivac Platform  
  68  10:46  Ultrasonic Boosters  
  68  10:48  KD9a Implosion Core  
  68  10:50  Umojan Signal Modulator  
  68  11:07  James Sirius Sykes  
  78  11:45  Medivac Platform  
  58  14:51  Outlaw Weapons Level 2  
  58  14:52  Outlaw Life and Armor Level 2  
  58  14:56  SA-55 Thunderbolt Missiles  
  78  15:45  Crooked Sam  
  88  17:14  LarsCorp G7 Charges  
  88  17:15  Moebius Restraint Matrix, Moebius M34 Terror Rounds  
  88  17:16  Vanadium Shell  
  88  17:20  Outlaw Life and Armor Level 3, Outlaw Weapons Level 3  
  88  17:22  Moebius Aggression Blend  
  88  17:23  Secret Stash Stimpack  
  88  19:11  Crystalline Amplifiers  
  88  19:14  D99 Detonator  
  88  19:19  Umojan Turret Frame  
  88  20:50  Hammer Munitions  
  88  21:54  Procyon Shade Suit  
  88  21:56  Enhanced Hostilities Kit  
  88  24:07  Kel-Morian Ripper Rounds  
  88  24:34  N3 Networking  
  88  26:09  SureShot Networked Helmet  
  88  26:17  Outlaw Life and Armor Level 4, Outlaw Weapons Level 4  
Tags
 
Add a new tag
Caveats
  • Supply blocks, unpowered buildings, or Contaminate may cause inaccurate times.
  • Supply counts are checked every 10 seconds.